 Seeded DCSS version 0.32-a0-918-g0f22ef8d61 (webtiles) character file.

Game seed: 17171284659712210178 (custom seed)

65 innerfire43 the Trooper (level 3, -1/30 HPs)
             Began as a Demonspawn Monk on Apr 10, 2024.
             Slain by a kobold
             ... wielding a +4 whip
              (3 damage)
             ... on level 3 of the Dungeon.
             The game lasted 00:01:20 (1690 turns).

innerfire43 the Trooper (Demonspawn Monk)           Turns: 1690, Time: 00:01:22

Health: -1/30      AC:  3    Str: 13    XL:     3   Next: 92%
Magic:  3/3        EV: 12    Int: 10    God:
Gold:   168        SH:  0    Dex: 15    Spells: 2/2 levels left

rFire   . . .        a - +0 mace
rCold   . . .        d - orb {light}
rNeg    . . .        b - +0 robe
rPois   .            (no helmet)
rElec   .            g - +0 cloak
rCorr   .            (no gloves)
SInv    .            (no boots)
Will    .....        (no amulet)
Stlth   +            (no ring)
HPRegen 0.25/turn    (no ring)
MPRegen 0.08/turn

%: no passive effects
@: slowed, glowing, very slow
A: hooves 1
a: no special abilities


You were on level 3 of the Dungeon.
You visited 1 branch of the dungeon, and saw 3 of its levels.

You collected 168 gold pieces.

Inventory:

Hand Weapons
 a - a +0 mace (weapon)
Armour
 b - a +0 robe (worn)
 d - an orb of light (worn)
 g - a +0 cloak (worn)
Scrolls
 f - 2 scrolls of identify {unknown}
 h - 3 scrolls of enchant weapon {unknown}
 i - 2 scrolls of teleportation {unknown}
 j - 2 scrolls of fog {unknown}
 m - a scroll of revelation {unknown}
Potions
 c - a potion of ambrosia
 e - 2 potions of enlightenment {unknown}
 k - a potion of mutation {unknown}
 l - a potion of heal wounds {unknown}


   Skills:
 + Level 3.7 Fighting
 + Level 3.3 Maces & Flails
 + Level 3.3 Dodging


You had 2 spell levels left.
You didn't know any spells.
Your spell library contained the following spells:

 Spells                   Type           Power      Damage    Failure   Level
 Fugue of the Fallen      Necr           0%         N/A       75%         3
 Ozocubu's Armour         Ice            0%         N/A       75%         3
 Manifold Assault         Tloc           0%         N/A       100%        7


Dungeon Overview and Level Annotations

Branches:
Dungeon (3/15)

Altars:

Annotations:
D:3 Natasha


Innate Abilities, Weirdness & Mutations

You have large cloven feet.


Message History

You sock Natasha! You kick Natasha, but do no damage.
Natasha is severely wounded.
Natasha claws you.
An endoplasm comes into view.
You hit Natasha but do no damage. Your kick misses Natasha.
Natasha is severely wounded.
Natasha wildly gestures.
Natasha's front paws start to glow.
Natasha barely misses you. Natasha claws you.
The kobold hits you with a +4 whip.
You barely miss Natasha.
Natasha is severely wounded.
The kobold hits you with a +4 whip! Natasha claws you but does no damage.
A goblin comes into view. It is wielding a +0 dagger.
You are too injured to fight recklessly!
You are too injured to fight recklessly!
Unknown command.
You barely miss Natasha.
Natasha is severely wounded.
Natasha barely misses you. The kobold closely misses you.
The dart slug barely misses you.
You hit Natasha but do no damage.
Natasha is severely wounded.
The kobold hits you with a +4 whip. Natasha casts a spell at you.
You feel yourself slow down.
You barely miss Natasha.
Natasha is severely wounded.
Natasha barely misses you. The kobold barely misses you.
The dart slug barely misses you. The endoplasm hits you.
The kobold hits you with a +4 whip!
* * * LOW HITPOINT WARNING * * *
Natasha barely misses you. The dart slug barely misses you.
You hit Natasha but do no damage. You kick Natasha.
Natasha is severely wounded.
The kobold hits you with a +4 whip.
* * * LOW HITPOINT WARNING * * *
The endoplasm closely misses you. Natasha closely misses you.
The kobold hits you with a +4 whip.
You die...

####...............†...#
....###.#######.......#
. #..##.# #.......#
#....########.##.###
#.............# .#
#.####......... .. #.
#......... ... .
#......... .# #K@w....##
.......gJh.....# ..
...............
......###.#.### ...###
.#... ##. .. ... # ...
.. ##.


You could see Natasha, a dart slug, an endoplasm, a goblin and a kobold.

Vanquished Creatures
  Jessica (D:3)
  An adder (D:2)
  2 dart slugs (D:1)
  A bat (D:1)
  An endoplasm (D:1)
  3 giant cockroaches
  3 hobgoblins
  2 kobolds
  A quokka (D:1)
  4 ball pythons
  4 goblins
  A rat (D:2)
24 creatures vanquished.

Notes
Turn   | Place    | Note
-------+----------+-------------------------------------------
     0 | D:1      | innerfire43 the Demonspawn Monk began the quest for the
                  | Orb.
     0 | D:1      | Reached XP level 1. HP: 18/18 MP: 1/1
   427 | D:1      | Gained mutation: You have large cloven feet. [demonic
                  | ancestry]
   427 | D:1      | Reached XP level 2. HP: 23/24 MP: 2/2
  1150 | D:2      | Reached XP level 3. HP: 25/29 MP: 3/3
  1606 | D:3      | Noticed Jessica
  1616 | D:3      | Killed Jessica
  1680 | D:3      | Noticed Natasha
  1690 | D:3      | Slain by a kobold

Illustrated notes

Levels and vault maps discovered:
D:1:      dpeg_arrival_line_fractal, layout_loops_corners
D:2:      layout_basic
D:3:      layout_rooms, hellmonk_ecumenical_altar_blasted, uniq_jessica,
          uniq_natasha

Skill      XL: |  1  2 |
---------------+-------+-----
Maces & Flails | 3 |  3.3
Dodging        | 3 |  3.3
Fighting       | |  3.7

Action                     || total
---------------------------++-------
  Melee: Mace              ||    66
         Kick              ||    15
 Armour: Robe              ||    50
  Dodge: Dodged            ||    44

Table legend: (Time is in decaauts)
 A = Elapsed time spent in this place.
 B = Non-inter-level travel time spent in this place.
 C = Inter-level travel time spent in this place.
 D = Time resting spent in this place.
 E = Time spent auto-exploring this place.
 F = Levels seen in this place.
 G = Mean time per level.
                   A        B        C        D        E       F      G
               +--------+--------+--------+--------+--------+-----+--------+
         Total |   1711 |   1641 |     70 |      0 |   1447 |   3 |  570.3 |
       Dungeon |   1711 |   1641 |     70 |      0 |   1447 |   3 |  570.3 |
               +--------+--------+--------+--------+--------+-----+--------+

Top non-repeatable levels by time:
     D:1: 895 daAuts
     D:2: 713 daAuts
     D:3: 102 daAuts
